 Dungeon Crawl Stone Soup version 0.31.0-12-g77e489cdc1 (webtiles) character file.

Game seed: 14497856373718204228

97 Silvore the Trooper (level 4, -2/35 HPs)
             Began as a Demonspawn Fighter on Feb 15, 2024.
             Killed by divine providence
             ... invoked by an orc priest
              (11 damage)
             ... on level 3 of the Dungeon.
             The game lasted 00:02:05 (1232 turns).

Silvore the Trooper (Demonspawn Fighter)            Turns: 1232, Time: 00:02:05

Health: -2/35      AC: 10    Str: 18    XL:     4   Next: 42%
Magic:  4/4        EV:  8    Int:  8    God:
Gold:   124        SH:  8    Dex: 13    Spells: 3/3 levels left

rFire   x . .        a - +1 long sword (heavy)
rCold   + . .        n - +0 kite shield
rNeg    . . .        b - +0 scale mail
rPois   .            m - +2 hat
rElec   .            (no cloak)
rCorr   .            (no gloves)
SInv    .            (no boots)
Will    .....        (no amulet) Stlth
                     h - ring of ice
HPRegen 0.25/turn    (no ring)
MPRegen 0.18/turn

%: no passive effects
@: mighty
A: icy blue scales 1, magic regeneration
a: no special abilities


You were on level 3 of the Dungeon.
You visited 1 branch of the dungeon, and saw 3 of its levels.

You collected 124 gold pieces.

Inventory:

Hand Weapons
 a - a +1 heavy long sword (weapon)
Armour
 b - a +0 scale mail (worn)
 c - a +0 buckler
 l - a +1 hat
 m - a +2 hat (worn)
 n - a +0 kite shield (worn)
Jewellery
 h - a ring of ice (left hand)
Scrolls
 f - a scroll of amnesia
 i - 2 scrolls of enchant weapon
 j - a scroll of identify
Potions
 g - a potion of cancellation
 q - a potion of enlightenment {unknown}
 r - a potion of brilliance {unknown}


   Skills:
 + Level 3.4 Fighting
 + Level 3.0 Long Blades
 + Level 3.1 Armour
 + Level 0.4 Dodging
 + Level 0.1 Stealth
 + Level 3.2 Shields


You had 3 spell levels left.
You didn't know any spells.
Your spell library was empty.

Dungeon Overview and Level Annotations

Branches:
Dungeon (3/15)

Altars:


Innate Abilities, Weirdness & Mutations

You are partially covered in icy blue scales. (AC +2)
You regenerate magic rapidly.


Message History

Beogh smites you!
You closely miss the orc priest.
The orc priest is moderately wounded.
The orc priest barely misses you.
The orc priest looks braver for a moment.
The orc priest calls down the wrath of Beogh upon you.
Beogh smites you!
* * * LOW HITPOINT WARNING * * *
The orc priest hits you with a +0 short sword.
* * * LOW HITPOINT WARNING * * *
You feel very mighty all of a sudden.
The orc priest hits you but does no damage.
You feel much better.
An orc comes into view. It is wielding a +0 club.
The orc priest calls down the wrath of Beogh upon you.
Pain shoots through your body!
You barely miss the orc priest.
The orc priest is moderately wounded.
The orc shouts!
The orc priest calls down the wrath of Beogh upon you.
Pain shoots through your body!
The orc priest mumbles some strange prayers to Beogh against you.
Pain shoots through your body!
* * * LOW HITPOINT WARNING * * *
You slash the orc priest!
The orc priest is almost dead.
You block the orc priest's attack.
The orc priest calls upon Beogh to heal the orc priest.
The orc priest is healed somewhat.
The orc priest miscasts a cantrip.
The orc priest hits you but does no damage.
You slash the orc priest!
You kill the orc priest!
The orc priest barely misses you.
Your Long Blades skill increases to level 3!
You barely miss the orc priest.
The orc priest looks encouraged for a moment.
The orc priest mumbles some strange prayers to Beogh against you.
Beogh smites you!
You die...

########
#?.....#
....####@#####
#.......#oo<.#
.######...))#
.........#
#...o...w[#
#.........#
............
.#..........#
...........#


You could see a ribbon worm, an orc priest and an orc.

Vanquished Creatures
  An orc priest (D:3)
  An adder (D:2)
  A dart slug (D:1)
  3 ribbon worms (D:2)
  4 ball pythons
  2 bats
  5 endoplasms
  6 giant cockroaches
  2 goblins
  5 hobgoblins
  3 jackals (D:1)
  8 kobolds
  A quokka (D:1)
  2 frilled lizards
  A rat (D:1)
45 creatures vanquished.

Notes
Turn   | Place    | Note
-------+----------+-------------------------------------------
     0 | D:1      | Silvore the Demonspawn Fighter began the quest for the Orb.
     0 | D:1      | Reached XP level 1. HP: 18/18 MP: 1/1
    83 | D:1      | Gained mutation: You are partially covered in icy blue
                  | scales. (AC +2) [demonic ancestry]
    83 | D:1      | Reached XP level 2. HP: 20/24 MP: 2/2
   389 | D:1      | Reached XP level 3. HP: 20/29 MP: 3/3
  1216 | D:3      | Gained mutation: You regenerate magic rapidly. [demonic
                  | ancestry]
  1216 | D:3      | Reached XP level 4. HP: 35/35 MP: 4/4
  1232 | D:3      | Killed from afar by an orc priest

Illustrated notes

Levels and vault maps discovered:
D:1:      onia_arrival_pyramid, layout_rooms, nrook_mini_vaults,
          minmay_distorted
D:2:      layout_loops_cross, hangedman_abyss_or_decor_lesser_grid
D:3:      layout_loops_ring, grunt_temple_overflow_forces_of_nature,
          overflow_temple_1_default

Skill      XL: |  1  2  3  4 |
---------------+-------------+-----
Long Blades    | 2 3 |  3.0
Shields        | 3 |  3.2
Armour         | 3 |  3.1
Fighting       | |  3.4
Dodging        | |  0.4
Stealth        | |  0.1

Action                     |  1- 3 |  4- 6 || total
---------------------------+-------+-------++-------
  Melee: Long sword        |   120 |     6 ||   126
    Use: Scroll            |    10 |       ||    10
         Potion            |       |     2 ||     2
 Armour: Scale mail        |    99 |     4 ||   103
  Dodge: Dodged            |    55 |     3 ||    58
  Block: Buckler           |    32 |       ||    32
         Kite shield       |    16 |     2 ||    18
